 Dungeon Crawl Stone Soup version 0.29.1-15-g9cfb28693d (webtiles) character file.

Game seed: 8818569718160194602

1334 Hugehornet the Covert (level 8, -1/60 HPs)
             Began as a Gnoll Delver on Feb 23, 2023.
             Was a Follower of Okawaru.
             Succumbed to an orc wizard's poison
             ... on level 6 of the Dungeon.
             The game lasted 00:17:00 (7397 turns).

Hugehornet the Covert (Gnoll Delver)                Turns: 7397, Time: 00:17:01

Health: -1/60      AC:  5    Str: 17    XL:     8   Next: 61%
Magic:  13/13      EV: 12    Int: 12    God:    Okawaru [*.....]
Gold:   425        SH:  9    Dex: 14    Spells: 14/14 levels left

rFire   . . .      SeeInvis .   n - +5 dagger (drain)
rCold   . . .      Faith    .   h - +0 kite shield
rNeg    . . .      Spirit   .   b - +0 leather armour
rPois   .          Reflect  .   (helmet restricted)
rElec   .          Harm     .   (no cloak)
rCorr   .          Rampage  .   (no gloves)
Will    .....                   r - +0 pair of boots
Stlth   ++++......              m - amulet of magic regeneration
HPRegen 0.20/turn               f - +6 ring of strength
MPRegen 0.53/turn               (no ring)

@: lethally poisoned (-1 -> -11), attractive
A: fangs 1, strong nose, distributed training, horns 1, frail 1, shaggy fur 1
a: Renounce Religion, Heroism


You were on level 6 of the Dungeon.
You worshipped Okawaru.
Okawaru was aware of your devotion.
You visited 2 branches of the dungeon, and saw 7 of its levels.

You collected 425 gold pieces.

Inventory:

Hand Weapons
 a - a +0 spear
 n - a +5 dagger of draining (weapon)
Missiles
 i - 3 javelins (quivered)
Armour
 b - a +0 leather armour (worn)
 h - a +0 kite shield (worn)
 j - a +0 chain mail
 r - a +0 pair of boots (worn)
 D - an orb of light
Jewellery
 f - a +6 ring of strength (left hand)
 m - an amulet of magic regeneration (around neck)
 t - a ring of fire
 E - a +4 ring of protection
Wands
 g - a wand of digging (3)
 w - a wand of paralysis (11)
Scrolls
 d - 2 scrolls of blinking {unknown}
 e - a scroll of fear
 l - 2 scrolls of torment {unknown}
 o - 2 scrolls of amnesia {unknown}
 u - 3 scrolls of identify {unknown}
 v - 2 scrolls of immolation {unknown}
 x - 2 scrolls of vulnerability {unknown}
 y - 2 scrolls of poison {unknown}
 B - a scroll of fog
Potions
 s - 2 potions of mutation
 z - a potion of heal wounds {unknown}
 A - a potion of berserk rage {unknown}
 C - a potion of might {unknown}
 F - a potion of lignification {unknown}


   Skills:
 + Level 7.5 Fighting
 + Level 3.5 Short Blades
 + Level 3.5 Long Blades
 + Level 3.5 Axes
 + Level 3.5 Maces & Flails
 + Level 5.8 Polearms
 + Level 3.5 Staves
 + Level 3.5 Ranged Weapons
 + Level 3.5 Throwing
 + Level 3.5 Armour
 + Level 5.8 Dodging
 + Level 10.2 Stealth
 + Level 3.5 Shields
 + Level 3.5 Unarmed Combat
 + Level 3.5 Spellcasting
 + Level 2.9 Conjurations
 + Level 2.9 Hexes
 + Level 2.9 Summonings
 + Level 2.9 Necromancy
 + Level 2.9 Translocations
 + Level 2.9 Transmutations
 + Level 2.9 Fire Magic
 + Level 2.9 Ice Magic
 + Level 2.9 Air Magic
 + Level 2.9 Earth Magic
 + Level 2.9 Poison Magic
 + Level 3.9 Invocations
 + Level 3.5 Evocations


You had 14 spell levels left.
You didn't know any spells.
Your spell library contained the following spells:

 Spells                   Type           Power      Damage    Failure   Level
 Portal Projectile        Hex/Tloc       18%        N/A       61%         3
 Leda's Liquefaction      Hex/Erth       4%         N/A       95%         4
 Summon Small Mammal      Summ           Unusable   N/A       N/A         1
 Call Canine Familiar     Summ           Unusable   N/A       N/A         3
 Summon Guardian Golem    Hex/Summ       Unusable   N/A       N/A         3

Dungeon Overview and Level Annotations

Branches:
Dungeon (6/15)             Temple (1/1) D:4

Altars:
Dithmenos
Fedhas
Hepliaklqana
Kikubaaqudgha
Makhleb
Nemelex Xobeh
Okawaru
Qazlal
Ru
Sif Muna
Trog
Wu Jian
Xom
Zin

Shops:
D:2 [


Innate Abilities, Weirdness & Mutations

You have very sharp teeth.
Your uncanny sense of smell can sniff out nearby items.
Your experience applies equally to all skills.
You have a pair of small horns on your head.
You are frail. (-10% HP)
You are covered in fur. (AC +1)


Message History

The orc wizard gestures at you while chanting.
The magic dart hits you.
You feel sick. Something hits you but does no damage.
You are more poisoned.
There is an open door here.
You feel very sick. You block something's attack.
The orc wizard points at you and mumbles some strange words.
The magic dart hits you!
* * * LOW HITPOINT WARNING * * *
* * * LOW HITPOINT WARNING * * *
You feel very sick.
It was a potion of mutation.
You feel extremely strange. Fur sprouts all over your body.
A pair of horns grows on your head!
You feel frail.
* * * LOW HITPOINT WARNING * * *
You feel sick. You block something's attack.
It was a potion of brilliance.
You feel clever all of a sudden.
* * * LOW HITPOINT WARNING * * *
You feel sick. Something hits you.
* * * LOW HITPOINT WARNING * * *
You are more poisoned.
It was a potion of curing.
You feel better.
You hear some strange, mumbled words.
A magic dart appears from out of thin air!
The magic dart hits you.
* * * LOW HITPOINT WARNING * * *
It was a potion of attraction.
You feel attractive to monsters. Something hits you.
* * * LOW HITPOINT WARNING * * *
You are lethally poisoned!
The orc wizard gestures at you while chanting.
You resist with some effort. The orc wizard is attracted toward you.
It was a potion of cancellation.
Your magical effects are unravelling.
You feel magically purged.
You feel a little less clever now.
You die...

..###.#..#.#.# #...............
#.# #.#....#.# #...............
#.# #.##.###.# #...............
#.# #........# #...............
..# ####..######...............
########.o.####................
.............ยง'................
########...####o{..............
#..## ##@.............. #.##
##......)$...... #.#
#.............. #.#
#.............. ..#
###.............. .##
#................ #.
#.#..............
#.#.............. #
#..............


You could see an orc wizard.

Vanquished Creatures
  Sigmund (D:6)
  An ice beast (D:6)
  A black bear (D:6)
  2 ogres (D:5)
  A phantom (D:5)
  A bullfrog (D:6)
  A necrophage (D:5)
  3 scorpions
  2 hounds (D:5)
  A jelly (D:6)
  Jessica (D:2)
  An iguana (D:5)
  2 orc wizards
  7 adders
  6 gnolls
  A shadow imp (D:5)
  An ufetubus (D:6)
  4 worms
  2 dart slugs
  13 orcs
  5 bats
  7 endoplasms
  3 giant cockroaches
  10 goblins
  9 hobgoblins
  4 jackals (D:3)
  3 quokkas
  2 ball pythons (D:1)
  3 frilled lizards (D:1)
  11 kobolds
  6 rats
  A bush (D:1)
116 creatures vanquished.

Vanquished Creatures (others)
  7 plants (D:1)
7 creatures vanquished.

Grand Total: 123 creatures vanquished

Notes
Turn   | Place    | Note
-------+----------+-------------------------------------------
     0 | D:5      | Reached skill level 9 in Stealth
     0 | D:5      | Hugehornet the Gnoll Delver began the quest for the Orb.
     0 | D:5      | Reached XP level 1. HP: 23/23 MP: 1/1
    19 | D:5      | Noticed a hound
    21 | D:5      | Noticed an iguana
    78 | D:2      | Reached XP level 2. HP: 7/29 MP: 2/2
   405 | D:2      | Found Fuonlo's Armour Shop.
   603 | D:2      | Reached XP level 3. HP: 35/35 MP: 2/4
   623 | D:1      | Reached skill level 1 in Invocations
   765 | D:1      | Reached skill level 1 in Short Blades
   765 | D:1      | Reached skill level 1 in Long Blades
   765 | D:1      | Reached skill level 1 in Axes
   765 | D:1      | Reached skill level 1 in Maces & Flails
   765 | D:1      | Reached skill level 1 in Staves
   765 | D:1      | Reached skill level 1 in Ranged Weapons
   765 | D:1      | Reached skill level 1 in Throwing
   765 | D:1      | Reached skill level 1 in Armour
   765 | D:1      | Reached skill level 1 in Shields
   765 | D:1      | Reached skill level 1 in Unarmed Combat
   765 | D:1      | Reached skill level 1 in Spellcasting
   765 | D:1      | Reached skill level 1 in Evocations
  1081 | D:1      | Reached XP level 4. HP: 41/41 MP: 5/5
  2028 | D:2      | Reached skill level 1 in Conjurations
  2028 | D:2      | Reached skill level 1 in Hexes
  2028 | D:2      | Reached skill level 1 in Summonings
  2028 | D:2      | Reached skill level 1 in Necromancy
  2028 | D:2      | Reached skill level 1 in Translocations
  2028 | D:2      | Reached skill level 1 in Transmutations
  2028 | D:2      | Reached skill level 1 in Fire Magic
  2028 | D:2      | Reached skill level 1 in Ice Magic
  2028 | D:2      | Reached skill level 1 in Air Magic
  2028 | D:2      | Reached skill level 1 in Earth Magic
  2028 | D:2      | Reached skill level 1 in Poison Magic
  2197 | D:2      | Noticed Jessica
  2204 | D:2      | Killed Jessica
  2205 | D:2      | Reached XP level 5. HP: 38/47 MP: 5/7
  2447 | D:3      | Found a transporter.
  2836 | D:3      | Found a transporter.
  3162 | D:3      | Found a blossoming altar of Fedhas.
  3196 | D:3      | Reached XP level 6. HP: 17/53 MP: 8/8
  3422 | D:3      | Found a burning altar of Makhleb.
  3422 | D:3      | Found an ornate altar of the Wu Jian Council.
  3573 | D:3      | Found a stormy altar of Qazlal.
  3640 | D:3      | Reached skill level 5 in Polearms
  3640 | D:3      | Reached skill level 5 in Dodging
  3833 | D:3      | Found a faded altar of an unknown god.
  4902 | D:4      | Found a glowing silver altar of Zin.
  5179 | D:4      | Found a staircase to the Ecumenical Temple.
  5185 | Temple   | Entered the Ecumenical Temple
  5193 | Temple   | Became a worshipper of Warmaster Okawaru
  5764 | D:5      | Reached XP level 7. HP: 60/60 MP: 10/10
  5944 | D:5      | Reached * piety under Okawaru
  6165 | D:5      | Reached skill level 10 in Stealth
  6287 | D:5      | Reached XP level 8. HP: 63/67 MP: 12/12
  6728 | D:6      | Noticed Sigmund
  6784 | D:6      | Killed Sigmund
  6897 | D:6      | Found a bloodstained altar of Trog.
  7393 | D:6      | Gained mutation: You are covered in fur. (AC +1) [potion of
                  | mutation]
  7393 | D:6      | Gained mutation: You have a pair of small horns on your
                  | head. [potion of mutation]
  7393 | D:6      | Gained mutation: You are frail. (-10% HP) [potion of
                  | mutation]
  7394 | D:6      | HP: 2/60 [poisoned by an orc wizard]
  7397 | D:6      | Succumbed to an orc wizard's poison

Illustrated notes

Levels and vault maps discovered:
D:1:      arrival_aquarium_a, layout_rooms, minmay_misc_feat_hallway,
          lexackson_kobold_supper
D:2:      layout_loops_cross, serial_shops, shop, minmay_strange_pillars,
          uniq_jessica
D:3:      gammafunk_wand_slinger, layout_basic, mainiacjoe_overflow_catwalk,
          mainiacjoe_overflow_concentric_impassable,
          nicolae_overflow_two_pavilions,
          dreamdust_ecumenical_altar_hidden_monk_grotto
D:4:      layout_layer_cave, zin_academy, minmay_temple_entry_fiery
D:5:      layout_basic
D:6:      layout_loops_corners, lemuel_doored_altar, wad_floor_pattern_1,
          uniq_sigmund
Temple:   nicolae_temple_colour_theory

Skill      XL: |  1  2  3  4  5  6  7 |
---------------+----------------------+-----
Stealth        | 10 | 10.2
Invocations    | 1 2 3 |  3.9
Short Blades   | 1 2 3 |  3.5
Long Blades    | 1 2 3 |  3.5
Axes           | 1 2 3 |  3.5
Maces & Flails | 1 2 3 |  3.5
Staves         | 1 2 3 |  3.5
Ranged Weapons | 1 2 3 |  3.5
Throwing       | 1 2 3 |  3.5
Armour         | 1 2 3 |  3.5
Shields        | 1 2 3 |  3.5
Unarmed Combat | 1 2 3 |  3.5
Spellcasting   | 1 2 3 |  3.5
Evocations     | 1 2 3 |  3.5
Conjurations   | 1 2 |  2.9
Hexes          | 1 2 |  2.9
Summonings     | 1 2 |  2.9
Necromancy     | 1 2 |  2.9
Translocations | 1 2 |  2.9
Transmutations | 1 2 |  2.9
Fire Magic     | 1 2 |  2.9
Ice Magic      | 1 2 |  2.9
Air Magic      | 1 2 |  2.9
Earth Magic    | 1 2 |  2.9
Poison Magic   | 1 2 |  2.9
Polearms       | 5 |  5.8
Dodging        | 5 |  5.8
Fighting       | 7 |  7.5

Action                   |  1- 3 |  4- 6 |  7- 9 || total
-------------------------+-------+-------+-------++-------
Melee: Spear             |   136 |   270 |       ||   406
       Bite              |     9 |    68 |    16 ||    93
       Dagger            |       |   129 |   108 ||   237
  Use: Scroll            |     1 |     1 |     1 ||     3
       Potion            |       |     1 |     5 ||     6
 Stab: Sleeping          |     5 |    19 |     4 ||    28
       Distracted        |     1 |       |       ||     1
Armor: Leather armour    |    31 |    20 |    14 ||    65
Dodge: Dodged            |    86 |    50 |    49 ||   185
Block: Kite shield       |    31 |    52 |    40 ||   123
